[Event "TOP 12 Feminin 2023 Phase 1"]
[Site "MULHOUSE, France"]
[Date "2023.05.19"]
[Round "2.1"]
[White "SEBAG, Marie"]
[Black "KHADEMALSHARIEH, Sarasadat"]
[Result "1/2-1/2"]
[ECO "C84"]
[WhiteElo "2430"]
[BlackElo "2490"]
[PlyCount "58"]
[EventDate "2023.??.??"]
[WhiteTeam "Bischwiller"]
[BlackTeam "Clichy"]
[TimeControl "90+30"]

1. e4 {2} e5 {7} 2. Nf3 {3} Nc6 {10} 3. Bb5 {4} a6 {12} 4. Ba4 {6} Nf6 {10} 5.
O-O {20} Be7 {27} 6. d3 {248} b5 {106} 7. Bb3 {7} d6 {75} 8. a3 {168} O-O {40}
9. Nc3 {37} Bg4 {347} 10. Be3 {54} Nd4 {42} 11. Bxd4 {25} exd4 {8} 12. Nd5 {11}
c5 {88} 13. a4 {1108} Rb8 {543} 14. axb5 {724} axb5 {6} 15. h3 {1069} Be6 {152}
16. Nxf6+ {58} Bxf6 {12} 17. Bxe6 {0} fxe6 18. Ra6 {32} Ra8 19. Qa1 {343} Qc8
20. Ra3 {718} b4 21. Rxa8 {295} Qxa8 {0} 22. g3 d5 {0} 23. e5 {735} Be7 {0} 24.
Kg2 {39} Qb7 {58} 25. Qd1 {39} Ra8 {357} 26. h4 {225} b3 {915} 27. cxb3 {32}
Rb8 {13} 28. Nd2 {162} Qb5 {641} 29. Qe2 {88} Ra8 {84} 1/2-1/2

[Event "TOP 12 Feminin 2023 Phase 1"]
[Site "MULHOUSE, France"]
[Date "2023.05.19"]
[Round "2.2"]
[White "BENMESBAH, Natacha"]
[Black "JAVAKHISHVILI, Lela"]
[Result "1/2-1/2"]
[ECO "B40"]
[WhiteElo "2261"]
[BlackElo "2446"]
[PlyCount "82"]
[EventDate "2023.??.??"]
[WhiteTeam "Clichy"]
[BlackTeam "Bischwiller"]
[TimeControl "90+30"]

1. e4 {2} c5 {16} 2. Nf3 {8} e6 {16} 3. g3 {6} Nc6 {16} 4. Bg2 {5} Nf6 {14} 5.
d3 {21} Be7 {25} 6. O-O {155} O-O {11} 7. Qe2 {117} e5 {17} 8. Nc3 {79} d6 {108
} 9. Nd5 {49} Nxd5 {155} 10. exd5 {5} Nb8 {66} 11. Nd2 {90} Nd7 {51} 12. a4 {
202} Re8 {412} 13. Nc4 {174} Bf8 {149} 14. a5 {329} f5 {223} 15. Re1 {232} Nf6
{41} 16. Bg5 {64} Bd7 {166} 17. Qd1 {437} h6 {67} 18. Bd2 {138} Qc7 {389} 19.
f4 {84} e4 {422} 20. dxe4 {156} Nxe4 {67} 21. Bxe4 {136} fxe4 {215} 22. Qh5 {90
} Bb5 {765} 23. Ne3 {161} Qf7 {27} 24. Qxf7+ {155} Kxf7 {7} 25. c4 {240} Bd7 {8
} 26. Bc3 {359} b5 {202} 27. axb6 {207} axb6 {3} 28. b4 {673} cxb4 {236} 29.
Bxb4 {21} g5 {29} 30. fxg5 {141} hxg5 {15} 31. Bc3 {235} Kg6 {15} 32. Rxa8 {152
} Rxa8 {6} 33. Rb1 {9} Rb8 {253} 34. Bd4 {813} b5 {53} 35. cxb5 {13} Rxb5 {30}
36. Rxb5 {23} Bxb5 {2} 37. Kf2 {22} Be7 {92} 38. g4 {203} Bf6 {132} 39. Nf5 {41
} Bd7 {218} 40. Bxf6 {83} Bxf5 {140} 41. Be7 {11} Bxg4 {12} 1/2-1/2

[Event "TOP 12 Feminin 2023 Phase 1"]
[Site "MULHOUSE, France"]
[Date "2023.05.19"]
[Round "2.3"]
[White "MAISURADZE, Nino"]
[Black "BROLY, Mathilde"]
[Result "1/2-1/2"]
[ECO "D03"]
[WhiteElo "2275"]
[BlackElo "2115"]
[PlyCount "38"]
[EventDate "2023.??.??"]
[WhiteTeam "Bischwiller"]
[BlackTeam "Clichy"]
[TimeControl "90+30"]

1. d4 {3} Nf6 {18} 2. Nf3 {22} g6 {48} 3. Bg5 {303} Bg7 {330} 4. Nbd2 {1545} d5
{322} 5. e3 {140} O-O {252} 6. Bd3 {53} c5 {134} 7. c3 {81} cxd4 {451} 8. exd4
{222} Nh5 {183} 9. O-O {1438} Nc6 {146} 10. Re1 {173} Qd6 {637} 11. Bb5 {367}
f6 {738} 12. Bh4 {42} a6 {35} 13. Ba4 {28} b5 {216} 14. Bb3 {31} Kh8 {69} 15.
a4 {597} Rb8 {247} 16. axb5 {0} axb5 {69} 17. Nf1 {0} Be6 {932} 18. Ng3 Nf4 19.
Ne2 Nh5 {0} 1/2-1/2

[Event "TOP 12 Féminin 2023 Phase 1"]
[Site "MULHOUSE, France"]
[Date "2023.05.19"]
[Round "2.4"]
[White "BONVALOT, Isabelle"]
[Black "BELLAHCENE, Meriem"]
[Result "0-1"]
[ECO "B07"]
[WhiteElo "1889"]
[BlackElo "1829"]
[PlyCount "66"]
[EventDate "2023.??.??"]
[WhiteTeam "Clichy"]
[BlackTeam "Bischwiller"]
[TimeControl "90+30"]

1. e4 {65725} d6 {16} 2. d4 {6} Nf6 {5} 3. Nc3 {7} e5 {40} 4. f4 {52} exd4 {18}
5. Qxd4 {20} Nc6 {27} 6. Qc4 {198} Qe7 {362} 7. Bd3 {343} Be6 {73} 8. Qb5 {77}
O-O-O {19} 9. Nf3 {60} d5 {464} 10. e5 {296} Nd7 {980} 11. a4 {1706} a6 {169}
12. Qb3 {16} d4 {56} 13. Nd5 {33} Bxd5 {93} 14. Qxd5 {10} Ndxe5 {202} 15. Bf5+
{311} Kb8 {68} 16. Qe4 {78} Nxf3+ {50} 17. gxf3 {6} Qh4+ {16} 18. Kd1 {244} g6
{30} 19. Bg4 {148} h5 {52} 20. Qe2 {24} hxg4 {34} 21. fxg4 {5} Bb4 {172} 22.
Bd2 {44} Rhe8 {87} 23. Qg2 {94} d3 {80} 24. c3 {21} Bc5 {132} 25. b4 {32} Re2 {
171} 26. Qf3 {127} Rxh2 {311} 27. Re1 {60} Rf2 {108} 28. Qe4 {21} Qxg4+ {20}
29. Kc1 {6} Re2 {368} 30. Rxe2 {79} dxe2 {5} 31. Rb1 {159} Qg1+ {363} 32. Kc2 {
15} Qxb1+ {5} 33. Kxb1 {12} Rxd2 {4} 0-1

[Event "TOP 12 Feminin 2023 Phase 1"]
[Site "MULHOUSE, France"]
[Date "2023.05.19"]
[Round "2.5"]
[White "BULMAGA, Irina"]
[Black "MUZYCHUK, Anna"]
[Result "0-1"]
[ECO "C65"]
[WhiteElo "2422"]
[BlackElo "2504"]
[PlyCount "102"]
[EventDate "2023.??.??"]
[WhiteTeam "Cannes"]
[BlackTeam "Chalons en Champagne"]
[TimeControl "90+30"]

1. e4 {4} e5 {4} 2. Nf3 {7} Nc6 {7} 3. Bb5 {7} Nf6 {6} 4. d3 {183} Bc5 {18} 5.
c3 {102} O-O {43} 6. O-O {65} d6 {15} 7. Ba4 {185} Ne7 {55} 8. Nbd2 {218} Ng6 {
33} 9. Nc4 {64} a6 {312} 10. Ne3 {362} Ba7 {151} 11. Bc2 {287} Re8 {72} 12. Re1
{79} c6 {94} 13. h3 {604} d5 {360} 14. Nf5 {309} h6 {368} 15. Bd2 {1088} Qb6 {
962} 16. Re2 {405} Qxb2 {974} 17. Nd6 {133} Re7 {15} 18. exd5 {757} cxd5 {70}
19. a4 {56} Qb6 {398} 20. Nxc8 {110} Rxc8 {2} 21. Be3 {202} Qc7 {916} 22. Bxa7
{82} b6 {0} 23. Qe1 {220} Rce8 {37} 24. Bxb6 Qxb6 {0} 25. g3 {185} Qc7 {147}
26. Qd2 {91} e4 {63} 27. Nd4 {48} e3 {69} 28. Qe1 {22} exf2+ {73} 29. Kxf2 {18}
Nh5 {130} 30. Kf3 {48} Nxg3 {92} 31. Qxg3 {50} Re3+ {315} 32. Rxe3 {6} Rxe3+ {4
} 33. Kxe3 {5} Qxg3+ {46} 34. Kd2 {49} Qxh3 {16} 35. Re1 {46} h5 {19} 36. c4 {
21} Qg2+ {276} 37. Re2 {25} Qg5+ {8} 38. Kc3 {12} dxc4 {9} 39. Re8+ {50} Kh7 {
33} 40. dxc4 {7} Qa5+ {66} 41. Kb3 {16} Kh6 {77} 42. Nf5+ {21} Kg5 {14} 43. Re2
{98} Nf4 {66} 44. Re7 {22} g6 {18} 45. Nd4 {16} Qb6+ {70} 46. Kc3 {4} Nd5+ {27}
47. cxd5 {16} Qc5+ 48. Kd3 {33} Qxe7 {11} 49. Nc6 {44} Qc5 {37} 50. Bb3 {14}
Kf4 {34} 51. Nd4 {55} h4 {21} 0-1

[Event "TOP 12 Feminin 2023 Phase 1"]
[Site "MULHOUSE, France"]
[Date "2023.05.19"]
[Round "2.6"]
[White "ALEXIEVA, Silvia"]
[Black "BENDSDORP-DE LABACA, Marlies"]
[Result "1/2-1/2"]
[ECO "A28"]
[WhiteElo "2204"]
[BlackElo "2217"]
[PlyCount "68"]
[EventDate "2023.??.??"]
[WhiteTeam "Chalons en Chamapgne"]
[BlackTeam "Cannes"]
[TimeControl "90+30"]

1. c4 {7} e5 {5} 2. Nc3 {10} Nf6 {13} 3. Nf3 {14} Nc6 {5} 4. e3 {40} d5 {279}
5. cxd5 {54} Nxd5 {6} 6. Bb5 {79} Nxc3 {348} 7. bxc3 {117} e4 {1667} 8. Ne5 {
231} Qd5 {78} 9. Qa4 {25} Bd7 {181} 10. Nxd7 {169} Kxd7 {6} 11. O-O {894} Bd6 {
14} 12. f4 {255} a6 {701} 13. Be2 {276} f5 {202} 14. c4 {309} Qa5 {281} 15.
Qxa5 {325} Nxa5 {5} 16. Bb2 {4} Rhg8 {47} 17. g4 {130} g6 {37} 18. Rab1 {153}
b6 {121} 19. Bc3 {163} Nb7 {56} 20. g5 {62} Nc5 {226} 21. h4 {9} Bf8 {75} 22.
Kf2 {322} Rd8 {45} 23. h5 {151} Bg7 {162} 24. Bb4 {116} Kc6 {78} 25. Rh1 {294}
Nd3+ {255} 26. Bxd3 {41} Rxd3 {4} 27. Rb3 {111} Rd7 {63} 28. h6 {514} Bh8 {128}
29. Ke2 {107} Rgd8 {16} 30. Rd1 {105} a5 {249} 31. Ba3 {147} Rd3 {20} 32. Be7 {
185} R8d7 {57} 33. Bf8 {11} Rd8 {21} 34. Be7 {3} R8d7 {28} 1/2-1/2

[Event "TOP 12 Feminin 2023 Phase 1"]
[Site "MULHOUSE, France"]
[Date "2023.05.19"]
[Round "2.7"]
[White "CHOISY, Mathilde"]
[Black "PARTAC, Elena"]
[Result "0-1"]
[ECO "B40"]
[WhiteElo "2109"]
[BlackElo "2088"]
[PlyCount "50"]
[EventDate "2023.??.??"]
[WhiteTeam "Cannes"]
[BlackTeam "Chalons en Champagne"]
[TimeControl "90+30"]

1. e4 {2} c5 {6} 2. Nf3 {10} e6 {6} 3. d4 {10} cxd4 {7} 4. Qxd4 {12} Qc7 {776}
5. Nc3 {254} Nc6 {210} 6. Qe3 {347} a6 {690} 7. h3 {968} d6 {714} 8. b3 {264}
Nf6 {903} 9. Bb2 {69} b5 {181} 10. O-O-O {134} Bb7 {250} 11. Kb1 {584} Rc8 {262
} 12. Rd2 {749} Be7 {556} 13. g4 {123} b4 {188} 14. Na4 {1067} Nxe4 {31} 15.
Re2 {453} Ne5 {434} 16. Nxe5 {271} dxe5 {19} 17. Rg1 {346} Bg5 {91} 18. Qa7 {30
} Nd2+ {86} 19. Rxd2 {127} Bxd2 {2} 20. Bc4 {40} O-O {242} 21. Rd1 {99} Bf4 {
227} 22. Nb6 {44} Rcd8 {117} 23. Re1 {18} Qc6 {90} 24. Na4 {79} Qf3 {11} 25.
Qb6 {36} Rd1+ {9} 0-1

[Event "TOP 12 Feminin 2023 Phase 1"]
[Site "MULHOUSE, France"]
[Date "2023.05.19"]
[Round "2.8"]
[White "MORACCHINI, Margaux"]
[Black "NEEL, Laura"]
[Result "1-0"]
[ECO "B85"]
[WhiteElo "1990"]
[BlackElo "1664"]
[PlyCount "164"]
[EventDate "2023.??.??"]
[WhiteTeam "Chalons en Champagne"]
[BlackTeam "Cannes"]
[TimeControl "90+30"]

1. e4 {9} c5 {3} 2. Nc3 {19} Nc6 {11} 3. Bb5 {17} Nd4 {16} 4. Bc4 {27} e6 {8}
5. Nf3 {75} a6 {70} 6. a4 {102} Nf6 {144} 7. O-O {1153} Nc6 {80} 8. d4 {72}
cxd4 {15} 9. Nxd4 {9} Qc7 {38} 10. Be2 {749} Be7 {229} 11. Be3 {174} d6 {46}
12. f4 {302} O-O {42} 13. Kh1 {168} Bd7 {24} 14. Bf3 {356} Nxd4 {130} 15. Bxd4
{16} e5 {64} 16. Be3 {189} Bc6 {14} 17. a5 {295} Rac8 {353} 18. Rf2 {113} Rfe8
{397} 19. f5 {119} d5 {1413} 20. exd5 {233} Bd7 {8} 21. g4 {445} e4 {510} 22.
Nxe4 {363} Nxe4 23. Bxe4 {0} Bh4 {79} 24. Bb6 {46} Qc4 {44} 25. Bd3 {441} Qxd5+
{16} 26. Qf3 {85} Bc6 {32} 27. Qxd5 {36} Bxd5+ {11} 28. Kg1 {3} Bxf2+ {35} 29.
Kxf2 {10} Bc4 {418} 30. b4 {107} Bb5 {1197} 31. Bc5 {85} Re5 {55} 32. c4 {162}
Rd8 {169} 33. Ra3 {41} Bc6 {134} 34. Be3 {72} Be4 {69} 35. Be2 {9} f6 {147} 36.
Bf4 {61} Ree8 {89} 37. b5 {162} Rc8 {152} 38. bxa6 {71} bxa6 {25} 39. Bd6 {8}
Ba8 {155} 40. c5 {58} Rxe2+ {15} 41. Kxe2 {6} Bc6 {13} 42. Re3 {56} Re8 {49}
43. h4 {110} Rxe3+ {31} 44. Kxe3 {3} Kf7 {7} 45. Kf4 {16} Bd7 {40} 46. g5 {44}
Bc6 {20} 47. Kg4 {43} Be4 {58} 48. h5 {21} fxg5 {13} 49. Kxg5 {8} h6+ {18} 50.
Kf4 {10} Bc6 {10} 51. Ke5 {9} Bb7 {9} 52. Kf4 {57} Kf6 {49} 53. Be5+ {16} Kf7 {
12} 54. Bc3 {33} Bc6 {28} 55. Ke3 {84} Bb7 {45} 56. Kf4 {4} Bc6 {6} 57. Ke5 {79
} Ke7 {12} 58. Bb2 {34} Bb7 {8} 59. Kf4 {56} Kf7 {5} 60. Be5 {15} Bc6 {24} 61.
Kg4 {40} Bb7 {20} 62. Bc7 {30} Bc6 {29} 63. Kf4 {4} Kf6 {8} 64. Bd8+ {11} Kf7 {
17} 65. Ke5 {48} Ke8 {30} 66. Kd6 {33} Be4 {130} 67. f6 {42} gxf6 {48} 68. Bxf6
{5} Bf3 {139} 69. Kc7 {59} Bxh5 {8} 70. Kb6 {32} Be2 {30} 71. c6 {15} h5 {48}
72. Bh4 {39} Bf3 {74} 73. Kc7 {26} Be4 {37} 74. Kd6 {10} Bf3 {21} 75. c7 {40}
Bb7 {6} 76. Kc5 {31} Kd7 {13} 77. Kb6 {6} Bc8 {9} 78. Bg3 {18} Ke8 {117} 79.
Ka7 {52} Ke7 {41} 80. Kb8 {10} Kd7 {9} 81. Ka7 {83} Ke6 {12} 82. Kb8 {7} Bd7
1-0

[Event "TOP 12 Feminin 2023 Phase 1"]
[Site "MULHOUSE, France"]
[Date "2023.05.19"]
[Round "2.9"]
[White "DJIDJELI, Sarah"]
[Black "GUICHARD, Pauline"]
[Result "0-1"]
[ECO "C50"]
[WhiteElo "2028"]
[BlackElo "2384"]
[PlyCount "70"]
[EventDate "2023.??.??"]
[WhiteTeam "Lyon"]
[BlackTeam "Asnieres sur Seine"]
[TimeControl "90+30"]

1. e4 {0} e5 {4} 2. Nf3 {4} Nc6 {4} 3. Bc4 {5} Nf6 {5} 4. d3 {4} Bc5 {5} 5. Nc3
{13} a6 {122} 6. a3 {712} d6 {224} 7. Bg5 {394} h6 {18} 8. Be3 {108} O-O {138}
9. Bxc5 {179} dxc5 {6} 10. h3 {7} Re8 {220} 11. Qd2 {722} Nd4 {202} 12. Nxd4 {
273} cxd4 {118} 13. Ne2 {878} b5 {114} 14. Bb3 {66} c5 {31} 15. Ng3 {650} Qc7 {
298} 16. c4 {660} Be6 {292} 17. Rc1 {34} Rab8 {58} 18. O-O {56} Rb6 {289} 19.
Bd1 {391} bxc4 {84} 20. dxc4 {10} Qb7 {40} 21. b4 {44} Nxe4 {437} 22. Nxe4 {5}
Qxe4 {3} 23. bxc5 {98} Rbb8 {4} 24. Re1 {102} Qf5 {39} 25. Bc2 {145} Qf6 {37}
26. Ba4 {502} Re7 {213} 27. c6 {43} Bf5 {67} 28. Qa5 {151} e4 {345} 29. Qxa6 {
501} Rb2 {270} 30. Rf1 {814} e3 {165} 31. Qa8+ {30} Kh7 {4} 32. c7 {118} e2 {
214} 33. Rfe1 {83} Rxc7 {37} 34. Qf3 {56} d3 {23} 35. Ra1 {11} Rxc4 {78} 0-1

[Event "TOP 12 Feminin 2023 Phase 1"]
[Site "MULHOUSE, France"]
[Date "2023.05.19"]
[Round "2.10"]
[White "GAPONENKO, Inna"]
[Black "ROLLOT, Florence"]
[Result "1-0"]
[ECO "B01"]
[WhiteElo "2338"]
[BlackElo "2027"]
[PlyCount "43"]
[EventDate "2023.??.??"]
[WhiteTeam "Asnieres sur Seine"]
[BlackTeam "Lyon"]
[TimeControl "90+30"]

1. e4 {3} d5 {8} 2. exd5 {6} Qxd5 {4} 3. Nc3 {5} Qa5 {9} 4. d4 {10} Nf6 {8} 5.
Nf3 {13} Bf5 {12} 6. Ne5 {222} c6 {12} 7. Bc4 {80} e6 {6} 8. g4 {122} Be4 {314}
9. O-O {168} Bd5 {64} 10. g5 {128} Nfd7 {76} 11. Bxd5 {283} cxd5 {84} 12. Nxf7
{195} Kxf7 {282} 13. Qf3+ {14} Nf6 {709} 14. gxf6 {427} g6 {1521} 15. Bg5 {811}
Nd7 {286} 16. Rfe1 {21} Re8 {488} 17. Re3 {115} h6 {216} 18. Bh4 {38} Qb6 {344}
19. Nxd5 {497} Qxd4 {29} 20. Nf4 {217} Nxf6 {159} 21. c3 {433} Qa4 {212} 22.
Bxf6 {76} 1-0

[Event "TOP 12 Feminin 2023 Phase 1"]
[Site "MULHOUSE, France"]
[Date "2023.05.19"]
[Round "2.12"]
[White "NICOARA, Malina"]
[Black "RAJAU, Ines"]
[Result "1-0"]
[ECO "E32"]
[WhiteElo "2063"]
[BlackElo "1129"]
[PlyCount "51"]
[EventDate "2023.??.??"]
[WhiteTeam "Asnieres sur Seine"]
[BlackTeam "Lyon"]
[TimeControl "90+30"]

1. d4 {3} Nf6 {10} 2. c4 {18} e6 {10} 3. Nc3 {9} Bb4 {72} 4. Qc2 {50} O-O {14}
5. a3 {81} Bxc3+ {8} 6. Qxc3 {145} Ne4 {7} 7. Qc2 {38} f5 {11} 8. g3 {437} c5 {
296} 9. dxc5 {906} Nxc5 {16} 10. Be3 {122} b6 {245} 11. Bg2 {778} Nc6 {190} 12.
b4 {169} Ne4 {401} 13. Nh3 {745} Qf6 {499} 14. O-O {61} d5 {779} 15. cxd5 {350}
exd5 {20} 16. Rac1 {401} Nd4 {789} 17. Qd3 {129} Nc6 {627} 18. Qxd5+ {9} Qe6 {
141} 19. Qxe6+ {107} Bxe6 {19} 20. Rxc6 {4} Bd5 {106} 21. Rc7 {7} a5 {56} 22.
b5 {68} h6 {37} 23. Bxb6 {69} Rf6 {123} 24. Bd4 {12} Re6 {69} 25. Rxg7+ {16}
Kf8 {21} 26. Nf4 {23} 1-0

[Event "TOP 12 Feminin 2023 Phase 1"]
[Site "MULHOUSE, France"]
[Date "2023.05.19"]
[Round "2.14"]
[White "NAVROTESCU, Andreea"]
[Black "BELENKAYA, Dina"]
[Result "0-1"]
[ECO "E41"]
[WhiteElo "2252"]
[BlackElo "2295"]
[PlyCount "68"]
[EventDate "2023.??.??"]
[WhiteTeam "Mulhouse"]
[BlackTeam "Monaco"]
[TimeControl "90+30"]

1. d4 {2} Nf6 {8} 2. c4 {4} e6 {4} 3. Nc3 {4} Bb4 {8} 4. e3 {4} c5 {7} 5. Bd2 {
308} d6 {195} 6. Bd3 {341} Nc6 {470} 7. a3 {253} Ba5 {90} 8. Nge2 {300} O-O {54
} 9. O-O {125} Bb6 {257} 10. d5 {820} Ne5 {122} 11. Bc1 {32} exd5 {254} 12.
cxd5 {192} Nxd3 {161} 13. Qxd3 {3} Ng4 {271} 14. e4 {243} f5 {321} 15. Qg3 {88}
c4 {855} 16. h3 {641} Ne5 {196} 17. Bf4 {68} Re8 {401} 18. Bg5 {241} Qd7 {189}
19. Nf4 {109} Qf7 {183} 20. Nb5 {448} Bc5 {72} 21. Ne6 {21} Bxe6 {74} 22. dxe6
{153} Rxe6 {12} 23. exf5 {6} Qxf5 {187} 24. Nc7 {8} Rg6 {67} 25. h4 {196} Rf8 {
242} 26. Nd5 {166} Qf7 {229} 27. Rad1 {681} h6 {88} 28. Ne7+ {7} Qxe7 {121} 29.
Bxe7 {7} Rxg3 {2} 30. Bxd6 {295} Bxd6 {39} 31. fxg3 {6} Bc5+ {24} 32. Kh1 {7}
Rxf1+ {78} 33. Rxf1 {1} Nd3 {9} 34. Rf5 {467} b6 {38} 0-1

[Event "TOP 12 Feminin 2023 Phase 1"]
[Site "MULHOUSE, France"]
[Date "2023.05.19"]
[Round "2.15"]
[White "SKRIPCHENKO, Almira"]
[Black "NEUHAUSER, Salome"]
[Result "1-0"]
[ECO "B20"]
[WhiteElo "2384"]
[BlackElo "2077"]
[PlyCount "81"]
[EventDate "2023.??.??"]
[WhiteTeam "Monaco"]
[BlackTeam "Mulhouse"]
[TimeControl "90+30"]

1. e4 {4} c5 {6} 2. b3 {58} Nf6 {67} 3. e5 {328} Nd5 {6} 4. Bb2 {5} Nc6 {79} 5.
Nf3 {31} a6 {467} 6. Bc4 {1109} Nb6 {394} 7. Bd3 {523} d5 {188} 8. exd6 {141}
Qxd6 {13} 9. O-O {281} Bg4 {601} 10. Be4 {76} Nd7 {295} 11. Na3 {756} f6 {1048}
12. Nc4 {220} Qc7 {13} 13. Re1 {212} Nd4 {440} 14. Bxb7 {355} Ra7 {180} 15. Bd5
{33} e5 {107} 16. c3 {325} Nxf3+ {29} 17. Bxf3 {3} Be6 {209} 18. Qe2 {138} Bd6
{214} 19. d4 {70} O-O {31} 20. Nxd6 {338} Qxd6 {14} 21. Rad1 {4} Bf7 {166} 22.
Ba3 {329} Qc7 {114} 23. Bg4 {28} Qa5 {148} 24. Bxd7 {128} Qxa3 {49} 25. dxe5 {
10} fxe5 {100} 26. c4 {168} a5 {246} 27. Qxe5 {63} a4 {20} 28. Bxa4 {59} Bxc4 {
37} 29. Rc1 {27} Rxa4 {762} 30. bxa4 {16} Qxa4 {30} 31. Qe4 {76} Bb5 {41} 32.
Qxa4 {6} Bxa4 {3} 33. Rxc5 {5} Ra8 {39} 34. Rc7 {78} Bb5 {148} 35. Ree7 {79}
Bd3 {15} 36. Rxg7+ {17} Kh8 {19} 37. h3 {175} Bb1 {109} 38. Ra7 {16} Rd8 {12}
39. Rgb7 {29} Be4 {24} 40. Re7 {15} Bg6 {14} 41. a4 {13} 1-0

[Event "TOP 12 Feminin 2023 Phase 1"]
[Site "MULHOUSE, France"]
[Date "2023.05.19"]
[Round "2.16"]
[White "RICHARD, Emma"]
[Black "DORNBUSCH, Tatiana"]
[Result "1/2-1/2"]
[ECO "C85"]
[WhiteElo "2169"]
[BlackElo "2246"]
[PlyCount "133"]
[EventDate "2023.??.??"]
[WhiteTeam "Mulhouse"]
[BlackTeam "Monaco"]
[TimeControl "90+30"]

1. e4 {3} e5 {24} 2. Nf3 {8} Nc6 {12} 3. Bb5 {6} a6 {19} 4. Ba4 {5} Nf6 {33} 5.
O-O {10} Be7 {23} 6. Bxc6 {17} dxc6 {56} 7. Re1 {9} Bd6 {242} 8. d4 {276} Bg4 {
1020} 9. dxe5 {1070} Bxf3 {12} 10. Qxf3 {25} Bxe5 {11} 11. c3 {25} O-O {137}
12. Na3 {478} b5 {523} 13. Nc2 {202} c5 {1424} 14. Bg5 {1146} h6 {311} 15. Rad1
{1027} Qe7 {164} 16. Bh4 {278} Rad8 {369} 17. Ne3 {123} Rxd1 {157} 18. Rxd1 {8}
Qe6 {60} 19. Bxf6 {72} Bxf6 {21} 20. Nd5 {304} Be5 {32} 21. Qf5 {133} Qxf5 {525
} 22. Ne7+ {21} Kh7 {13} 23. Nxf5 {4} g6 {68} 24. Ne3 {7} Bd6 {45} 25. g3 {580}
Re8 {75} 26. f3 {44} f5 {233} 27. Nd5 {70} Kg7 {7} 28. exf5 {41} Re2 {226} 29.
Nxc7 {57} Bxc7 {42} 30. Rd7+ {4} Kf6 {21} 31. Rxc7 {3} Rxb2 {207} 32. fxg6 {10}
Kxg6 {5} 33. Rc6+ {12} Kg7 {16} 34. Rxa6 {42} Rc2 {8} 35. Rb6 {123} Rxc3 {57}
36. Rxb5 {5} c4 {39} 37. Rc5 {8} Rxf3 {65} 38. Rxc4 {6} Rd3 {22} 39. Rf4 {38}
Rd1+ {22} 40. Kg2 {7} Ra1 {33} 41. Ra4 {29} Kg6 {29} 42. h4 {35} h5 {89} 43.
Ra5 {14} Rc1 {19} 44. a4 {21} Rc2+ {58} 45. Kh3 {11} Ra2 {36} 46. Rg5+ {31} Kh6
{9} 47. a5 {9} Rb2 {56} 48. Rg8 {28} Ra2 {19} 49. Ra8 {7} Kg6 {32} 50. a6 {7}
Kg7 {80} 51. a7 {43} Kh7 {7} 52. g4 {14} Ra3+ {20} 53. Kg2 {5} hxg4 {19} 54. h5
{7} Kg7 {34} 55. h6+ {20} Kh7 {7} 56. Kg1 {13} Ra2 {26} 57. Kf1 {34} g3 {68}
58. Kg1 {11} g2 {73} 59. Kh2 {13} Ra6 {37} 60. Kxg2 {26} Ra3 {21} 61. Kf2 {6}
Ra2+ {14} 62. Ke3 {4} Ra3+ {14} 63. Kd4 {5} Ra1 {13} 64. Kc4 {71} Ra2 {11} 65.
Kb3 {33} Ra1 {9} 66. Kb4 {19} Ra2 {5} 67. Kb3 {90} 1/2-1/2

[Event "TOP 12 Feminin 2023 Phase 1"]
[Site "MULHOUSE, France"]
[Date "2023.05.19"]
[Round "2.17"]
[White "BATSIASHVILI, Nino"]
[Black "DIEZ, Ambre"]
[Result "1-0"]
[ECO "E71"]
[WhiteElo "2465"]
[BlackElo "1966"]
[PlyCount "76"]
[EventDate "2023.??.??"]
[WhiteTeam "Juvisy sur Orge"]
[BlackTeam "Bordeaux"]
[TimeControl "90+30"]

1. c4 {0} Nf6 {9} 2. Nc3 {4} g6 {11} 3. d4 {4} Bg7 {34} 4. e4 {5} d6 {20} 5. h3
{5} e5 {84} 6. d5 {29} a5 {73} 7. Be3 {274} Na6 {41} 8. Nf3 {8} O-O {21} 9. Nd2
{153} Nd7 {177} 10. g4 {52} f5 {629} 11. gxf5 {85} gxf5 {9} 12. exf5 {3} Ndc5 {
46} 13. a3 {684} Bxf5 {45} 14. Rg1 {193} Kh8 {615} 15. Qh5 {194} Qf6 {240} 16.
h4 {385} e4 {342} 17. Qg5 {586} Qxg5 {378} 18. hxg5 {42} Rae8 {129} 19. O-O-O {
104} Re7 {356} 20. Be2 {571} Bg6 {536} 21. Rg2 {25} Be5 {41} 22. Nb5 {217} c6 {
453} 23. Nc3 {4} Bf4 {381} 24. Re1 {729} Kg8 {236} 25. Rg4 {165} Bxe3 {589} 26.
fxe3 {2} Rf2 {73} 27. Rf1 {134} Ref7 {176} 28. Rxf2 {154} Rxf2 {6} 29. Kd1 {120
} Bh5 {280} 30. Ndxe4 {77} Bxg4 {78} 31. Nxf2 {10} Bxe2+ {18} 32. Kxe2 {5} cxd5
{96} 33. cxd5 {46} Nc7 {63} 34. Kf3 {376} Kg7 {27} 35. Nfe4 {96} Nxe4 {62} 36.
Nxe4 {72} Nxd5 {38} 37. Nxd6 {4} b6 {53} 38. e4 {12} Ne7 {66} 1-0